 Dungeon Crawl Stone Soup version 0.21-a0-531-gacddea6 (webtiles) character file.

399 slep the Chopper (level 6, -15/32 HPs)
             Began as a Vine Stalker Gladiator on Dec 13, 2017.
             Demolished by a manticore (17 damage)
             ... on level 4 of the Dungeon.
             The game lasted 00:07:48 (2097 turns).

slep the Chopper (Vine Stalker Gladiator)           Turns: 2097, Time: 00:07:48

Health: -15/32     AC:  4    Str: 21    XL:     6   Next: 84%
Magic:  0/7        EV: 13    Int: 11    God:
Gold:   179        SH:  0    Dex: 15    Spells: 5/5 levels left

rFire    . . .     SeeInvis .   j - +1 hand axe (freeze)
rCold    . . .     Gourm    .   (no shield)
rNeg     . . .     Faith    .   b - +0 leather armour
rPois    .         Spirit   +   c - +0 helmet
rElec    .         Reflect  .   (no cloak)
rCorr    .         Harm     .   (no gloves)
MR       .....                  (no boots)
Stlth    ++........             (no amulet)
HPRegen  0.50/turn              y - +3 ring of intelligence
MPRegen  0.10/turn              r - +2 ring of strength

@: no status effects
A: fangs 2, regeneration 1, magic shield, antimagic bite, no potion heal 3, rot
immunity
a: no special abilities


You were on level 4 of the Dungeon.
You were not hungry.

You visited 1 branch of the dungeon, and saw 4 of its levels.

You collected 179 gold pieces.

Inventory:

Hand Weapons
 a - a +0 war axe
 j - a +1 hand axe of freezing (weapon)
Missiles
 d - 4 throwing nets (quivered)
 g - 5 tomahawks
Armour
 b - a +0 leather armour (worn)
 c - a +0 helmet (worn)
Jewellery
 e - an uncursed ring of resist corrosion
 r - a +2 ring of strength (right hand)
 y - a +3 ring of intelligence (left hand)
Wands
 l - a wand of flame (22)
Scrolls
 p - 3 scrolls of identify {unknown}
 q - a scroll of fog {unknown}
 t - a scroll of amnesia {unknown}
 u - a scroll of remove curse {unknown}
Potions
 h - a potion of mutation {unknown}
 i - a potion of heal wounds {unknown}
 k - a potion of berserk rage {unknown}
 o - a potion of curing {unknown}
 s - a potion of lignification {unknown}
 v - 2 potions of resistance {unknown}
 w - a potion of degeneration {unknown}
 z - a potion of flight {unknown}
Comestibles
 f - a bread ration
 m - 2 meat rations
 n - 6 fruits
 x - 4 chunks of flesh


   Skills:
 + Level 2.4 Fighting
 + Level 4.3 Axes
 + Level 2.2 Throwing
 + Level 2.4 Armour
 + Level 3.4 Dodging
 + Level 2.8 Stealth


You had 5 spell levels left.
You didn't know any spells.

Dungeon Overview and Level Annotations

Branches:
Dungeon (4/15)
 Temple: D:4-7

Altars:
Xom

Shops:
D:4 [

Annotations:
D:3 slep's ghost, amateur VSGl


Innate Abilities, Weirdness & Mutations

You have extremely sharp teeth.
Your natural rate of healing is unusually fast.
When hurt, damage is shared between your health and your magic reserves.
Your bite disrupts and absorbs the magic of your enemies.
Potions cannot restore your health.
You are immune to rotting.


Message History

The orc shouts!
The orc moves out of view.
The manticore flicks its tail.
The volley of spikes hits you!
The barbed spikes become lodged in your body.
Found a scroll labeled USSECR NAUME.
The barbs in your skin will harm you if you move.
Continue?
Okay, then.
You carefully extract the barbed spikes from your body.
You closely miss the manticore. Your bite misses the manticore.
The manticore bites you!!
Ouch! That really hurt!
* * * LOW HITPOINT WARNING * * *
The manticore barely misses you. The manticore misses you.
You slash the manticore! You freeze the manticore.
You bite the manticore, but do no damage.
The manticore is moderately wounded.
The manticore bites you!
Ouch! That really hurt!
You die...

.>...# #......#
#........### ..####
#...####
#.####.....## ..#
##### #.# #.......
### ######.##
#.#.#.#. #.......#
#.#.#.## #.####..#
#.#.#.# #.#
#...###.#.#.##
###########.......#
##.@Ho...# #.......#
#..###.#.?##.......#
##..# #.......# ##.#
#.......# ##..#
#.......# #..##
#.......#
#.##.###############
#..##.#.#.### #
##..........########


You could see a manticore and an orc.

Vanquished Creatures
  An ogre (D:4)
  A phantom (D:4)
  A howler monkey (D:4)
  A hound (D:4)
  An iguana (D:4)
  A worker ant (D:4)
  6 adders
  3 oozes
  A worm (D:2)
  A dart slug (D:1)
  A leopard gecko (D:3)
  An orc (D:4)
  A ball python (D:2)
  5 giant cockroaches
  A goblin (D:1)
  3 hobgoblins
  3 jackals (D:2)
  A kobold (D:2)
  6 bats
  A frilled lizard (D:2)
  5 rats
45 creatures vanquished.

Notes
Turn   | Place    | Note
-------+----------+-------------------------------------------
     0 | D:1      | slep the Vine Stalker Gladiator began the quest for the Orb.
     0 | D:1      | Reached XP level 1. HP: 11/11 MP: 2/2
   190 | D:1      | Reached XP level 2. HP: 15/15 MP: 3/3
   497 | D:2      | Reached skill level 3 in Axes
   601 | D:2      | Reached XP level 3. HP: 16/18 MP: 2/4
   814 | D:2      | Reached skill level 1 in Stealth
  1239 | D:2      | Gained mutation: Your natural rate of healing is unusually fast. [Vine Stalker growth]
  1239 | D:2      | Reached XP level 4. HP: 19/23 MP: 5/5
  1580 | D:3      | Noticed slep's ghost (amateur VSGl)
  1624 | D:3      | Found a shimmering altar of Xom.
  1663 | D:4      | Reached skill level 1 in Armour
  1670 | D:4      | Reached XP level 5. HP: 14/26 MP: 3/6
  1697 | D:4      | Found Labb's Antique Armour Emporium.
  1705 | D:4      | Noticed an ogre
  1713 | D:4      | Killed an ogre
  1713 | D:4      | Reached skill level 4 in Axes
  1713 | D:4      | Reached XP level 6. HP: 23/31 MP: 7/7
  1939 | D:4      | Noticed a phantom
  1968 | D:4      | Killed a phantom
  2091 | D:4      | Noticed a manticore
  2096 | D:4      | HP: 1/32 [manticore (19)]
  2097 | D:4      | Demolished by a manticore

Vault maps used:
D:1:      moated_graveyard_arrival
D:2:      minmay_misc_feat_columns
D:3:      xom_teletrap_fun
D:4:      serial_shops, shop, minmay_small_thing

Skill      XL: |  1  2  3  4  5 |
---------------+----------------+-----
Axes           | 3 4 |  4.3
Fighting       | 2 |  2.4
Throwing       | 2 |  2.2
Stealth        | 1 2 |  2.8
Armour         | 1 2 |  2.4
Dodging        | 3 |  3.4

Action                   |  1- 3 |  4- 6 || total
-------------------------+-------+-------++-------
Melee: War axe           |    17 |       ||    17
       Hand axe          |    32 |    75 ||   107
       Bite              |     8 |    23 ||    31
Throw: Tomahawk          |       |     6 ||     6
       Throwing net      |       |     1 ||     1
 Stab: Sleeping          |     4 |     2 ||     6
       Held in net/web   |       |     1 ||     1
  Eat: Chunk             |     1 |     3 ||     4
Armor: Leather armour    |    14 |    13 ||    27
Dodge: Dodged            |    29 |    53 ||    82

Table legend:
 A = Spawn XP
 B = Non-spawn XP
 C = Spawn XP percentage of total XP
 D = Spawn monster count
 E = Non-spawn monster count
 F = Spawn count percentage of total count
 G = Total turns spent on level
                    A         B        C        D         E        F      G
               +---------+---------+-------+---------+---------+-------+---------
         Total |       0 |     570 |   0.0 |       0 |      45 |   0.0 |  2097
               +---------+---------+-------+---------+---------+-------+---------
           D:1 |       0 |      19 |   0.0 |       0 |       7 |   0.0 |   494
           D:2 |       0 |      64 |   0.0 |       0 |      20 |   0.0 |   930
           D:3 |       0 |      28 |   0.0 |       0 |       6 |   0.0 |   225
           D:4 |       0 |     459 |   0.0 |       0 |      12 |   0.0 |   448
               +---------+---------+-------+---------+---------+-------+---------
